Description

rush at 4m:20s~4m:30s stimpack and shied upgrade done at 4m:47s do not remove scv from Refinery in 4m:10s, move barrack with tech lab and build reactor swap starport and factory reactor and move factory to tech lab sry im not good at english if you think something wrong then plz write comment

VOD

https://www.twitch.tv/videos/1068253431?t=3h36m30s

Replay - cure v Serral: Game 4 - 2000 Atmospheres LE

Build Order

Get SALT Encoding   

  12  0:00  SCV  
  13  0:12  SCV  
  14  0:17  Supply Depot  
  14  0:24  SCV  
  15  0:38  SCV  
  15  0:39  Barracks  
  16  0:42  Refinery  
  16  0:51  SCV  
  17  1:03  SCV  
  18  1:15  SCV  
  19  1:26  Barracks Reactor  
  19  1:27  Orbital Command  
  19  1:38  Command Center  
  19  1:50  Supply Depot  
  19  1:53  SCV  
  20  2:00  Barracks  
  20  2:05  SCV  
  20  2:07  Marine  
  20  2:08  Marine  
  23  2:17  SCV  
  23  2:19  Barracks  
  24  2:25  Marine  
  24  2:26  Marine  
  24  2:29  SCV  
  27  2:41  SCV  
  27  2:43  Marine x2  
  30  2:47  Barracks Tech Lab  
  30  2:50  Orbital Command  
  30  2:53  SCV  
  31  3:02  Marine x2  
  34  3:05  SCV  
  34  3:06  Stimpack  
  34  3:08  Barracks Tech Lab, Marine  
  34  3:12  Supply Depot  
  35  3:16  SCV  
  35  3:17  SCV  
  37  3:26  Marine x3  
  37  3:27  Combat Shield, Marine  
  40  3:28  SCV  
  40  3:29  SCV  
  43  3:36  Supply Depot  
  43  3:40  SCV  
  43  3:41  Supply Depot  
  44  3:42  SCV  
  44  3:45  Marine x4  
  49  3:53  SCV  
  49  3:54  SCV  
  51  3:56  Factory  
  51  3:58  Supply Depot  
  51  4:03  Marine x4  
  51  4:06  SCV x2  
  57  4:12  Refinery  
  57  4:13  Refinery  
  57  4:14  Engineering Bay  
  57  4:18  SCV x2  
  57  4:22  Marine x2  
  57  4:23  Marine  
  57  4:24  Marine  
  63  4:30  SCV x2  
  65  4:32  Refinery  
  65  4:40  Supply Depot, Terran Infantry Weapons Level 1  
  65  4:42  Starport  
  65  4:43  SCV  
  66  4:48  Factory Reactor  
  66  4:50  Marine x2  
  66  4:51  Marine  
  66  4:52  SCV  
  70  4:55  SCV  
  71  5:02  Barracks Reactor  
  71  5:05  SCV  
  72  5:08  SCV, Marine x3  
  72  5:12  Supply Depot  
  71  5:26  Marine x3  
  64  5:30  SCV x2  
  64  5:34  Medivac x2  
  70  5:37  Supply Depot  
  70  5:39  Siege Tank  
  70  5:42  Marine x2  
  73  5:44  Marine x3  
  73  5:47  SCV x2  
  80  5:59  Command Center  
  80  6:00  Marine  
  80  6:02  Marine x3  
  84  6:04  Marine  
  84  6:08  Medivac  
  87  6:12  Medivac  
  87  6:16  Siege Tank  
  92  6:20  Supply Depot  
  92  6:26  Marine x5  
  97  6:33  Supply Depot  
  97  6:35  SCV x2  
  99  6:41  Terran Infantry Armor Level 1  
  99  6:43  Marine x2  
  99  6:44  Marine x3  
  104  6:49  Siege Tank  
  107  6:55  Medivac x2  
  111  7:01  Marine x4  
  115  7:12  Orbital Command  
  114  7:17  Marine  
  114  7:19  Marine x2  
  114  7:22  Siege Tank  
  120  7:30  Medivac x2  
  120  7:35  Supply Depot  
  124  7:39  Barracks  
  124  7:40  Barracks  
  124  7:41  Marine x5  
  129  7:54  Siege Tank  
  131  8:02  Marine x5  
  136  8:06  Liberator  
  136  8:12  Liberator, Supply Depot  
  142  8:19  Supply Depot  
  113  8:31  Marine x4  
  113  8:32  Siege Tank  
  106  8:34  SCV x2  
  106  8:37  Barracks Reactor x2  
  106  8:38  Marine  
  107  8:43  Orbital Command  
  107  8:46  SCV x2  
  102  8:49  Medivac, Marine x4  
  102  8:55  Medivac  
  110  8:56  Armory  
  110  8:57  Engineering Bay  
  110  8:58  SCV x2  
  112  9:05  Marine  
  112  9:06  Marine  
  112  9:07  Marine x3  
  117  9:10  SCV  
  117  9:17  Sensor Tower  
  118  9:18  Marine x4  
  118  9:20  Siege Tank  
  118  9:23  Marine  
  126  9:24  Marine  
  126  9:25  Marine  
  126  9:28  Marine x2  
  130  9:32  SCV x3  
  130  9:35  Marine x2  
  130  9:38  Marine x2  
  137  9:40  Marine  
  137  9:42  Marine  
  137  9:43  Terran Infantry Weapons Level 2, Terran Infantry Armor Level 2  
  139  9:45  Marine  
  139  9:46  Marine x2  
  139  9:47  Liberator  
  145  9:59  Marine x4  
Spawning Tool Build Advisor. Get it on Overwolf

Go to:

Details

  • Created by: koreansc2community우마갤
  • Published on: Jul 11, 2021
  • Modified on: Jul 11, 2021
  • Patch: 4.11.0
  • Difficulty: Medium
Show
View Real Time Build Order
Export as new Build Order

Comments (0)

There are no comments. Be the first!

Create an account to comment!